 Dungeon Crawl Stone Soup version 0.29-a0-200-gc7997b95f3 (console) character file.

Game seed: 5241172854778050592

2057 CannotBeFrozen the Archer (level 8, -12/58 HPs)
             Began as a Demigod Arcane Marksman on Feb 23, 2022.
             Hit by a large rock thrown by a cyclops (18 damage)
             ... on level 7 of the Dungeon.
             The game lasted 00:20:44 (6565 turns).

CannotBeFrozen the Archer (Demigod Arcane Marksman) Turns: 6565, Time: 00:20:44

Health: -12/58     AC:  9    Str: 11    XL:     8   Next: 76%
Magic:  11/12      EV: 11    Int: 21    God:
Gold:   420        SH:  5    Dex: 22    Spells: 8/9 levels left

rFire   . . .      SeeInvis .   v - +0 dagger (venom)
rCold   . . .      Faith    .   (no shield)
rNeg    . . .      Spirit   .   e - +3 ring mail
rPois   .          Reflect  +   (no helmet)
rElec   .          Harm     .   o - +0 cloak
rCorr   .          Rampage  .   (no gloves)
Will    .....                   (no boots)
Stlth   +.........              i - amulet of reflection
HPRegen 0.19/turn               r - +6 ring of intelligence
MPRegen 0.13/turn               p - +4 ring of slaying

@: no status effects
A: high MP 1, forlorn, divine attributes
a: no special abilities


You were on level 7 of the Dungeon.
You visited 1 branch of the dungeon, and saw 7 of its levels.

You collected 420 gold pieces.

Inventory:

Hand Weapons
 a - a +1 shortbow of chaos
 b - a +1 short sword of electrocution
 v - a +0 dagger of venom (weapon)
Missiles
 t - 5 silver boomerangs
Armour
 e - a +3 ring mail (worn)
 o - a +0 cloak (worn)
Jewellery
 g - a ring of magical power
 i - an amulet of reflection (around neck)
 p - a +4 ring of slaying (right hand)
 r - a +6 ring of intelligence (left hand)
 x - a ring of magical power
Wands
 l - a wand of flame (20)
 q - a wand of iceblast (13)
Scrolls
 f - a scroll of fog
 h - a scroll of vulnerability
 k - a scroll of teleportation {@r2}
 y - 2 scrolls of fear {unknown}
Potions
 c - a potion of lignification
 d - 2 potions of invisibility
 j - a potion of resistance {unknown}
 m - 2 potions of flight {unknown}
 n - 2 potions of curing {@q1}
 s - 4 potions of haste {unknown}
 u - a potion of heal wounds {unknown}
 w - a potion of attraction {unknown}
 z - a potion of mutation {unknown}


   Skills:
 - Level 0.8 Fighting
 - Level 2.0 Short Blades
 + Level 10.2 Bows
 - Level 2.0 Armour
 - Level 1.7 Dodging
 - Level 1.0 Spellcasting
 - Level 3.0 Hexes
 - Level 2.0 Evocations


You had 8 spell levels left.
You knew the following spells:

 Your Spells              Type           Power      Damage    Failure   Level
a - Slow                  Hex            52%        N/A       11%         1

Your spell library contained the following spells:

 Spells                   Type           Power      Damage    Failure   Level
 Corpse Rot               Necr/Air       2%         N/A       50%         2
 Poisonous Vapours        Pois/Air       2%         N/A       50%         2
 Inner Flame              Hex/Fire       7%         N/A       52%         3
 Portal Projectile        Hex/Tloc       14%        N/A       52%         3
 Cause Fear               Hex            6%         N/A       73%         4
 Animate Dead             Necr           0%         N/A       98%         4
 Borgnjor's Vile Clutch   Necr/Erth      0%         N/A       100%        5
 Death Channel            Necr           0%         N/A       100%        6


Dungeon Overview and Level Annotations

Branches:
Dungeon (7/15)             Temple (0/1) D:7

Shops:
D:1 =   D:5 :   D:7 =


Innate Abilities, Weirdness & Mutations

You have an increased reservoir of magic. (+10% MP)
You shall have no god before yourself.
Your divine heritage dramatically boosts your attributes as you level up.


Message History

You puncture the killer bee!
The killer bee looks as sick as possible!
The killer bee is severely wounded.
You kill the killer bee!
No target in view!
You start resting.
HP restored.
Your +0 dagger of venom stops dripping with poison.
Your +1 shortbow of chaos is briefly surrounded by a scintillating aura of random colours.
a - a +1 shortbow of chaos (weapon)
You see here a killer bee corpse.
Found a leather armour.
Found Orhefi's Jewellery Boutique.
There is an entrance to Orhefi's Jewellery Boutique here.
You can access your shopping list by pressing '$'.
Found a hand axe.
You now have 420 gold pieces (gained 7).
y - 2 scrolls labelled BOVUILLOET A cyclops comes into view.
The cyclops shouts!
The cyclops easily resists.
MP: 11/12 (-1)
The cyclops easily resists.
MP: 10/12 (-1)
You shoot an arrow. The arrow barely misses the cyclops.
The cyclops hits you.
HP: 55/58 (-3) ===========- You hear the crackle of electricity.
b - a +1 short sword of electrocution (weapon)
The cyclops hits you!!
HP: 30/58 (-25) ======------ !!!!
Unknown command.
Your +1 short sword of electrocution stops crackling.
Your +0 dagger of venom begins to drip with poison!
v - a +0 dagger of venom (weapon)
You hit the cyclops.
The cyclops is poisoned.
The cyclops is lightly wounded.
The cyclops hits you!!
* * * LOW HITPOINT WARNING * * *
HP: 6/58 (-24) =----------- !!!!
The cyclops throws a large rock.
The large rock hits you!!
You die...

### ###...# #####
### ..# #.# ... #.#
.# #.#
#.#...#######.####
##.#...........@..#
#........#####.##C#
#....)...#####.# .#
###..............#
.#
..........####.###
.# ..........# #.#
.# .........†# #.#
.. ##.....##.# #.#
## ##.....##.####.#


You could see a cyclops (very poisoned).

Vanquished Creatures
  3 yaks (D:6)
  A water moccasin (D:4)
  A sky beast (D:4)
  A necrophage (D:7)
  An orc warrior (D:6)
  An ice beast (D:6)
  2 ogres (D:7)
  A bullfrog (D:4)
  A scorpion (D:5)
  10 killer bees (D:7)
  2 hounds (D:6)
  A bullfrog skeleton (D:6)
  A gnoll shaman (D:4)
  A centaur skeleton (D:6)
  An iguana (D:6)
  3 orc wizards
  A killer bee zombie (D:5)
  A hound skeleton (D:4)
  A howler monkey zombie (D:7)
  4 adders
  2 white imps
  An adder zombie (D:5)
  3 worms
  4 dart slugs
  15 orcs
  4 endoplasms
  5 giant cockroaches
  2 goblins
  5 hobgoblins
  4 jackals (D:1)
  7 kobolds
  2 quokkas
  5 ball pythons
  5 bats
  4 frilled lizards
  A quokka skeleton (D:4)
  3 rats (D:1)
110 creatures vanquished.

Notes
Turn   | Place    | Note
-------+----------+-------------------------------------------
     0 | D:1      | CannotBeFrozen the Demigod Arcane Marksman began the quest
                  | for the Orb.
     0 | D:1      | Reached XP level 1. HP: 15/15 MP: 4/4
    62 | D:1      | Reached skill level 2 in Bows
   141 | D:1      | Reached XP level 2. HP: 14/22 MP: 5/5
   428 | D:1      | Reached skill level 3 in Bows
   705 | D:1      | Found Yffulump's Jewellery Boutique.
  1219 | D:2      | Reached XP level 3. HP: 26/27 MP: 6/6
  1957 | D:3      | Reached skill level 4 in Bows
  2211 | D:4      | Noticed a sky beast
  2212 | D:4      | Reached XP level 4. HP: 27/34 MP: 8/8
  2795 | D:4      | Noticed a bullfrog
  2818 | D:4      | Killed a bullfrog
  2819 | D:4      | Reached skill level 1 in Short Blades
  2819 | D:4      | Reached skill level 1 in Armour
  2819 | D:4      | Reached XP level 5. HP: 24/39 MP: 9/9
  3114 | D:4      | Killed a sky beast
  3316 | D:5      | Entered Level 5 of the Dungeon
  3324 | D:5      | Reached skill level 5 in Bows
  3324 | D:5      | Reached skill level 1 in Evocations
  3324 | D:5      | Reached XP level 6. HP: 34/46 MP: 10/10
  3777 | D:5      | Found Usomp's Book Shop.
  3861 | D:5      | Noticed a water moccasin
  3894 | D:4      | Killed a water moccasin
  4624 | D:6      | Reached skill level 6 in Bows
  4662 | D:6      | Reached XP level 7. HP: 34/51 MP: 11/11
  4984 | D:6      | Noticed a yak
  5007 | D:6      | Killed a yak
  5008 | D:6      | Reached skill level 7 in Bows
  5083 | D:6      | Noticed a yak
  5084 | D:6      | Noticed a yak
  5127 | D:6      | Killed a yak
  5136 | D:6      | Killed a yak
  5137 | D:6      | Reached skill level 8 in Bows
  5206 | D:6      | Reached XP level 8. HP: 58/58 MP: 12/12
  5851 | D:7      | Reached skill level 9 in Bows
  6203 | D:7      | Found a staircase to the Ecumenical Temple.
  6446 | D:7      | Reached skill level 10 in Bows
  6522 | D:7      | Found Orhefi's Jewellery Boutique.
  6557 | D:7      | Noticed a cyclops
  6565 | D:7      | Hit by a large rock thrown by a cyclops

Illustrated notes

Levels and vault maps discovered:
D:1:      ncdulo_wetmaze, layout_basic, serial_shops, nicolae_shop_trees,
          corexii_leaking_fountain
D:2:      layout_basic, basic_altar, hellmonk_ecumenical_altar_run_dry
D:3:      layout_basic, minmay_misc_feat_tiny, chequers_garden,
          corexii_corridor_pit
D:4:      layout_rooms, minmay_divided_ellipse
D:5:      layout_loops_cross, kennysheep_little_box, minitemple, serial_shops,
          shop
D:6:      layout_loops_ring, chei_slow_surprise, nemelex_diamond_rough_becter
D:7:      layout_loops_ring, nicolae_sif_muna_little_library,
          minmay_temple_entry_from_below_b, serial_shops, nicolae_shop_crystal

Skill      XL: |  1  2  3  4  5  6  7  8 |
---------------+-------------------------+-----
Bows           | 2 3 4 5 6 8 10 | 10.2
Short Blades   | 1 2 |  2.0
Armour         | 1 2 |  2.0
Evocations     | 1 2 |  2.0
Hexes          | 3 |  3.0
Fighting       | |  0.8
Dodging        | |  1.7
Spellcasting   | |  1.0

Action                   |  1- 3 |  4- 6 |  7- 9 || total
-------------------------+-------+-------+-------++-------
Melee: Short sword       |    55 |    54 |    19 ||   128
       Dagger            |       |    37 |    36 ||    73
       Punch             |       |     2 |     1 ||     3
 Fire: Shortbow          |    76 |    33 |    82 ||   191
 Cast: Slow              |     1 |     7 |    12 ||    20
  Use: Scroll            |     9 |     4 |     1 ||    14
       Potion            |       |       |     2 ||     2
Armor: Ring mail         |    24 |    31 |    26 ||    81
Dodge: Dodged            |    35 |    37 |    44 ||   116
Block: Other             |     6 |    16 |    20 ||    42
       Reflection        |     2 |       |       ||     2

Table legend: (Time is in decaauts)
 A = Elapsed time spent in this place.
 B = Non-inter-level travel time spent in this place.
 C = Inter-level travel time spent in this place.
 D = Time resting spent in this place.
 E = Time spent auto-exploring this place.
 F = Levels seen in this place.
 G = Mean time per level.
                   A        B        C        D        E       F      G
               +--------+--------+--------+--------+--------+-----+--------+
         Total |   6600 |   6280 |    320 |   1253 |   3750 |   7 |  942.9 |
       Dungeon |   6600 |   6280 |    320 |   1253 |   3750 |   7 |  942.9 |
               +--------+--------+--------+--------+--------+-----+--------+

Top non-repeatable levels by time:
     D:4: 1149 daAuts
     D:6: 1081 daAuts
     D:5: 1064 daAuts
     D:3: 893 daAuts
     D:7: 867 daAuts
     D:1: 847 daAuts
     D:2: 696 daAuts
